 Dungeon Sprint DCSS version 0.28-a0-706-gf6f64a616a (webtiles) character file.

Game seed: 5469016795510680324

534 tatocazan the Cleaver (level 7, -1/59 HPs)
             Began as a Demonspawn Fighter on Oct 24, 2021.
             Was a Believer of Uskayaw.
             Slain by a deep troll (20 damage)
             ... in the Dungeon (Sprint VII: "The Pits").
             The game lasted 00:03:40 (890 turns).

tatocazan the Cleaver (Demonspawn Fighter)           Turns: 890, Time: 00:03:40

Health: -1/59      AC: 14    Str: 19    XL:     7   Next: 4%
Magic:  12/12      EV:  8    Int:  9    God:    Uskayaw [**....]
Gold:   0          SH:  5    Dex: 12    Spells: 6/6 levels left

rFire   . . .      SeeInvis .   o - +2 hand axe (vorpal)
rCold   . . .      Faith    .   c - +0 buckler
rNeg    . . .      Spirit   .   p - +2 plate armour
rPois   .          Reflect  .   (no helmet)
rElec   .          Harm     .   (no cloak)
rCorr   .          Rampage  .   (no gloves)
Will    .....      NoTele   +   (no boots)
Stlth   ..........              (no amulet)
HPRegen 0.19/turn               (no ring)
MPRegen 0.13/turn               (no ring)

@: mighty
A: repulsion field 1, powered by pain 1, demonic touch 2
a: Renounce Religion, Stomp, Line Pass


You were in the Dungeon.
You worshipped Uskayaw.
Uskayaw was noncommittal.
You visited 1 branch

Inventory:

Hand Weapons
 a - a +0 war axe
 n - a +2 hand axe
 o - a +2 vorpal hand axe (weapon)
Armour
 b - a +0 scale mail
 c - a +0 buckler (worn)
 p - a +2 plate armour (worn)
Scrolls
 j - a scroll of blinking
 l - 5 scrolls of amnesia
 m - a scroll of summoning
Potions
 e - 6 potions of curing
 f - 3 potions of heal wounds
 g - a potion of haste
 h - 4 potions of magic
 i - a potion of berserk rage
 k - 2 potions of invisibility


   Skills:
 + Level 6.9 Fighting
 * Level 8.2 Axes
 + Level 6.3 Armour
 + Level 6.3 Shields
 + Level 7.5 Invocations


You had 6 spell levels left.
You didn't know any spells.
Your spell library was empty.

Dungeon Overview and Level Annotations

Branches:
Dungeon (1/1)

Altars:
Ashenzari
Cheibriados
Dithmenos
Elyvilon
Fedhas
Gozag
Hepliaklqana
Kikubaaqudgha
Makhleb
Nemelex Xobeh
Okawaru
Qazlal
Ru
Sif Muna
Trog
Uskayaw
Vehumet
Wu Jian
Xom
Yredelemnul
Zin
The Shining One
Beogh
Jiyva
Lugonu


Innate Abilities, Weirdness & Mutations

You are surrounded by a mild repulsion field. (EV +2)
You sometimes gain a little power by taking damage.
Your touch may inflict irresistible damage on your foes.


Message History

You can no longer merge with and destroy a victim.
You can no longer pass through a line of other dancers.
HP restored.
Health restored: 59
There is an open door, spattered with blood here.
Items here: )) [ †.
You open the door.
A steam dragon and a deep troll come into view.
The deep troll shouts!
The steam dragon hisses angrily.
A bat zombie comes into view.
The steam dragon breathes steam at you. The ball of steam hits you.
The steam dragon moves out of view.
You take 5 damage, and have 54/59 hp.
You are engulfed in a cloud of scalding steam.
The bat zombie is engulfed in a cloud of scalding steam.
You take 1 damage, and have 53/59 hp.
You block the bat zombie's attack. The bat zombie closely misses you.
The bat zombie hits you but does no damage.
There is an open door here.
You hit the bat zombie.
You destroy the bat zombie!
You feel very mighty all of a sudden.
You slash the deep troll!
The deep troll is moderately wounded.
You hit the deep troll.
The deep troll is moderately wounded.
The deep troll bites you!
The deep troll claws you but does no damage.
You block the deep troll's attack.
You can now pass through a line of other dancers.
You take 14 damage, and have 40/59 hp.
MASSIVE DAMAGE!!
You hit the deep troll.
The deep troll is moderately wounded.
The deep troll bites you! The deep troll claws you.
The deep troll claws you but does no damage.
You take 21 damage, and have 19/59 hp.
MASSIVE DAMAGE!!
You slash the deep troll!
The deep troll is heavily wounded.
The deep troll bites you!!
You die...

#.#........##.......#
#.#........##.......#
#'###########.......#
#..#.#.##..##########
#.......#.######
##.#.#.##.#....#
#.......#)#....#
##.#.#.##.T....+
#.......#@#§§..#
##.#.#..'.#.D..#
########## ####


You could see a deep troll.

Vanquished Creatures
  A fire bat (D)
  Edmund (D)
  A floating eye (D)
  A crimson imp (D)
  2 hounds (D)
  An iron imp (D)
  An orc wizard (D)
  A gnoll (D)
  An adder (D)
  A white imp (D)
  A worm (D)
  3 orcs (D)
  A bat zombie (D)
  An endoplasm (D)
  A ball python (D)
  A ball python skeleton (D)
  A bat (D)
  A quokka zombie (D)
  A rat (D)
22 creatures vanquished.

Notes
Turn   | Place    | Note
-------+----------+-------------------------------------------
     0 | D        | tatocazan the Demonspawn Fighter began the quest for the
                  | Orb.
     0 | D        | Reached XP level 1. HP: 18/18 MP: 1/1
    21 | D        | Found a bloodstained altar of Trog.
    21 | D        | Found a shimmering blue altar of Sif Muna.
    21 | D        | Found a viscous altar of Jiyva.
    21 | D        | Found a hazy altar of Hepliaklqana.
    21 | D        | Found an opulent altar of Gozag.
    22 | D        | Found a basalt altar of Yredelemnul.
    22 | D        | Found a shimmering altar of Xom.
    22 | D        | Found an ornate altar of the Wu Jian Council.
    22 | D        | Found a sacrificial altar of Ru.
    22 | D        | Found a stormy altar of Qazlal.
    22 | D        | Found an iron altar of Okawaru.
    22 | D        | Found a sparkling altar of Nemelex Xobeh.
    22 | D        | Found a burning altar of Makhleb.
    22 | D        | Found a blossoming altar of Fedhas.
    22 | D        | Found a shadowy altar of Dithmenos.
    22 | D        | Found a snail-covered altar of Cheibriados.
    24 | D        | Found a radiant altar of Vehumet.
    24 | D        | Found a corrupted altar of Lugonu.
    25 | D        | Found a hide-covered altar of Uskayaw.
    25 | D        | Found an ancient bone altar of Kikubaaqudgha.
    25 | D        | Found a broken altar of Ashenzari.
    33 | D        | Became a worshipper of Uskayaw the Reveller
    73 | D        | Reached skill level 2 in Axes
    75 | D        | Reached * piety under Uskayaw
    82 | D        | Reached ** piety under Uskayaw
   299 | D        | Noticed a floating eye
   310 | D        | Reached skill level 1 in Invocations
   310 | D        | Gained mutation: You sometimes gain a little power by
                  | taking damage. [demonic ancestry]
   310 | D        | Reached XP level 2. HP: 20/25 MP: 1/3
   311 | D        | Reached *** piety under Uskayaw
   312 | D        | Killed a floating eye
   313 | D        | Reached skill level 5 in Axes
   313 | D        | Gained mutation: You are surrounded by a mild repulsion
                  | field. (EV +2) [demonic ancestry]
   313 | D        | Reached XP level 3. HP: 27/32 MP: 1/6
   313 | D        | Reached XP level 4. HP: 32/38 MP: 1/7
   313 | D        | Reached **** piety under Uskayaw
   568 | D        | Noticed Edmund
   584 | D        | Reached skill level 5 in Fighting
   592 | D        | Killed Edmund
   593 | D        | Reached skill level 6 in Axes
   593 | D        | Reached skill level 5 in Armour
   593 | D        | Reached skill level 5 in Shields
   593 | D        | Reached skill level 5 in Invocations
   593 | D        | Reached XP level 5. HP: 46/46 MP: 7/9
   594 | D        | Reached ***** piety under Uskayaw
   595 | D        | Gained mutation: Your touch may inflict minor irresistible
                  | damage on your foes. [demonic ancestry]
   595 | D        | Reached XP level 6. HP: 52/52 MP: 7/10
   622 | D        | Reached skill level 7 in Axes
   781 | D        | Noticed a fire bat
   796 | D        | Killed a fire bat
   797 | D        | Reached skill level 8 in Axes
   797 | D        | Gained mutation: Your touch may inflict irresistible damage
                  | on your foes. [demonic ancestry]
   797 | D        | Reached XP level 7. HP: 43/59 MP: 12/12
   882 | D        | Noticed a deep troll
   882 | D        | Noticed a steam dragon
   890 | D        | Slain by a deep troll

Illustrated notes

Levels and vault maps discovered:
D:        pitsprint [storerooms_1, entrance_room_1, metal_vault_6, armoury_1,
          mini_pit_1, grid_room_1, main_hall_1, silver_pit, the_coven_3,
          the_vestibule_1, steel_vault_4, golden_pit, hallway_of_sentries,
          crystal_vault_2, iron_vault_4, final_vault]

Skill      XL: |  1  2  3  4  5  6 |
---------------+-------------------+-----
Axes           | 2 5 6 8 |  8.2
Armour         | 3 4 5 6 |  6.3
Shields        | 3 4 5 6 |  6.3
Invocations    | 1 4 5 6 7 |  7.5
Fighting       | 4 5 6 |  6.9

Action                   |  1- 3 |  4- 6 |  7- 9 || total
-------------------------+-------+-------+-------++-------
Melee: Hand axe          |    19 |    52 |     5 ||    76
       War axe           |     5 |       |       ||     5
  Use: Potion            |     2 |     3 |     1 ||     6
 Stab: Paralysed         |     1 |     6 |       ||     7
Armor: Scale mail        |     4 |       |       ||     4
       Plate armour      |       |    15 |     3 ||    18
Dodge: Dodged            |     8 |    22 |     1 ||    31
Block: Buckler           |     5 |     9 |     2 ||    16

Table legend: (Time is in decaauts)
 A = Elapsed time spent in this place.
 B = Non-inter-level travel time spent in this place.
 C = Inter-level travel time spent in this place.
 D = Time resting spent in this place.
 E = Time spent auto-exploring this place.
 F = Levels seen in this place.
 G = Mean time per level.
                   A        B        C        D        E       F      G
               +--------+--------+--------+--------+--------+-----+--------+
         Total |    917 |    901 |     16 |    649 |      0 |   1 |  917.0 |
       Dungeon |    917 |    901 |     16 |    649 |      0 |   1 |  917.0 |
               +--------+--------+--------+--------+--------+-----+--------+

Top non-repeatable levels by time:
       D: 917 daAuts
